| TOP OF THE 1ST |
|
Colorado (EL) Rockies batting - Pitching for Tulsa Drillers : RHP Mike Mik
|
|
Pitching: RHP Mike Mik
|
|
|
Batting: RHB Dwane Reed
|
0-0: Ball 1-0: Ball 2-0: Ball 3-0: Called Strike 3-1: Foul Ball, location: 2F 3-2: Foul Ball, location: 2F 3-2: Foul Ball, location: 2F 3-2: Ground out 6-3 (Groundball, 6, EV 86.2 MPH)
|
|
Batting: SHB Jeff Sorrels
|
0-0: Ball 1-0: Swinging Strike 1-1: DOUBLE (Line Drive, 9LM, EV 93.1 MPH)
|
|
Batting: LHB Mick Tucker
|
0-0: Ground out 6-3 (Groundball, 6M, EV 85.6 MPH) Jeff Sorrels to third
|
|
Batting: RHB John Corfield
|
0-0: Called Strike 0-1: DOUBLE (Flyball, 8RXD, EV 100.6 MPH) Jeff Sorrels scores
|
|
Batting: SHB Bobby Santor
|
0-0: Ball 1-0: Ball 2-0: Swinging Strike 2-1: Swinging Strike 2-2: Foul Ball, location: 2F 2-2: Strikes out looking
|
| Top of the 1st over - 1 run, 2 hits, 0 errors, 1 left on base; Colorado (EL) 1 - Tulsa 0 |
| BOTTOM OF THE 1ST |
|
Tulsa Drillers batting - Pitching for Colorado (EL) Rockies : RHP Dave Shanks
|
|
Pitching: RHP Dave Shanks
|
|
|
Batting: LHB Cory Bowler
|
0-0: Fly out, F8 (Flyball, 8LM, EV 96.2 MPH)
|
|
Batting: SHB Ray Luna
|
0-0: Called Strike 0-1: Fly out, F8 (Flyball, 89D, EV 103.1 MPH)
|
|
Batting: LHB Bobby Gonzalez
|
0-0: Called Strike 0-1: Ball 1-1: Foul Ball, location: 2F 1-2: Strikes out swinging
|
| Bottom of the 1st over - 0 runs, 0 hits, 0 errors, 0 left on base; Colorado (EL) 1 - Tulsa 0 |
| TOP OF THE 2ND |
|
Colorado (EL) Rockies batting - Pitching for Tulsa Drillers : RHP Mike Mik
|
|
Batting: RHB T.J. Williams
|
0-0: Fly out, F8 (Flyball, 8RM, EV 93.8 MPH)
|
|
Batting: SHB Jamie Mims
|
0-0: Ball 1-0: Foul Ball, location: 2F 1-1: Ball 2-1: Called Strike 2-2: SINGLE (Groundball, 34D, EV 98.8 MPH)
|
|
Batting: LHB Daniel Green
|
0-0: Ball 1-0: Ball 2-0: Called Strike 2-1: Ball 3-1: Foul Ball, location: 2F 3-2: Base on Balls Jamie Mims to second
|
|
Batting: SHB Craig Ruzic
|
0-0: Ball 1-0: Ball 2-0: Ball 3-0: Base on Balls Jamie Mims to third Daniel Green to second
|
|
Batting: RHB Dwane Reed
|
0-0: Called Strike 0-1: Ball 1-1: Ball 2-1: Fly out, F8 (Flyball, 8LD, EV 105.6 MPH) Runner from 3rd tags up, SCORES, throw by CF
|
|
Batting: SHB Jeff Sorrels
|
0-0: Ball 1-0: Swinging Strike 1-1: Ball 2-1: SINGLE (Flyball, 9LS, EV 88.8 MPH) Daniel Green to third Craig Ruzic to second Runner from 3rd tries for Home, SAFE, throw by RF to home
|
|
Batting: LHB Mick Tucker
|
0-0: Foul Ball, location: 2F 0-1: Ball 1-1: Ball 2-1: Called Strike 2-2: Ball 3-2: Fly out, F9 (Flyball, 9LD, EV 84.4 MPH)
|
| Top of the 2nd over - 2 runs, 2 hits, 0 errors, 2 left on base; Colorado (EL) 3 - Tulsa 0 |
| BOTTOM OF THE 2ND |
|
Tulsa Drillers batting - Pitching for Colorado (EL) Rockies : RHP Dave Shanks
|
|
Batting: LHB Nate Kee
|
0-0: Ball 1-0: Swinging Strike 1-1: Ball 2-1: Ball 3-1: Foul Ball, location: 2F 3-2: Fly out, F8 (Flyball, 78M, EV 91.2 MPH)
|
|
Batting: RHB Justin Curran
|
0-0: Foul Ball, location: 2F 0-1: Swinging Strike 0-2: Ball 1-2: Strikes out swinging
|
|
Batting: RHB Jonathan Sotelo
|
0-0: Foul Ball, location: 2F 0-1: Ball 1-1: Swinging Strike 1-2: Ball 2-2: Strikes out swinging
|
| Bottom of the 2nd over - 0 runs, 0 hits, 0 errors, 0 left on base; Colorado (EL) 3 - Tulsa 0 |
| TOP OF THE 3RD |
|
Colorado (EL) Rockies batting - Pitching for Tulsa Drillers : RHP Mike Mik
|
|
Batting: RHB John Corfield
|
0-0: Ball 1-0: Foul Ball, location: 2F 1-1: Ball 2-1: SINGLE (Line Drive, 4MD, EV 102.5 MPH)
|
|
Batting: SHB Bobby Santor
|
0-0: Foul Ball, location: 2F 0-1: SINGLE (Groundball, 4MD, EV 99.4 MPH) John Corfield to second
|
|
Batting: RHB T.J. Williams
|
0-0: Called Strike 0-1: Called Strike 0-2: Strikes out swinging
|
|
Batting: SHB Jamie Mims
|
0-0: Ball 1-0: Called Strike 1-1: Foul Ball, location: 2F 1-2: Strikes out swinging
|
|
Batting: LHB Daniel Green
|
0-0: SINGLE (Groundball, 34D, EV 93.8 MPH) John Corfield to third Bobby Santor to second
|
|
Batting: SHB Craig Ruzic
|
0-0: Ground out 2-3 (Groundball, 15S, EV 65.0 MPH)
|
| Top of the 3rd over - 0 runs, 3 hits, 0 errors, 3 left on base; Colorado (EL) 3 - Tulsa 0 |
| BOTTOM OF THE 3RD |
|
Tulsa Drillers batting - Pitching for Colorado (EL) Rockies : RHP Dave Shanks
|
|
Batting: RHB Jerry Blas
|
0-0: Ball 1-0: Ball 2-0: Called Strike 2-1: Called Strike 2-2: Ball 3-2: Strikes out swinging
|
|
Batting: LHB Randy Boone
|
0-0: Called Strike 0-1: Ball 1-1: Called Strike 1-2: Foul Ball, location: 2F 1-2: Ball 2-2: Fly out, F7 (Line Drive, 7, EV 90.6 MPH)
|
|
Batting: LHB Joe Phillips
|
0-0: Called Strike 0-1: Ball 1-1: Ball 2-1: Foul Ball, location: 2F 2-2: Strikes out swinging
|
| Bottom of the 3rd over - 0 runs, 0 hits, 0 errors, 0 left on base; Colorado (EL) 3 - Tulsa 0 |
| TOP OF THE 4TH |
|
Colorado (EL) Rockies batting - Pitching for Tulsa Drillers : RHP Mike Mik
|
|
Batting: RHB Dwane Reed
|
0-0: Called Strike 0-1: Ball 1-1: Fly out, F6 (Line Drive, 6MD, EV 68.8 MPH)
|
|
Batting: SHB Jeff Sorrels
|
0-0: Called Strike 0-1: Ball 1-1: SINGLE (Line Drive, 56D, EV 98.8 MPH)
|
|
Batting: LHB Mick Tucker
|
0-0: Foul Ball, location: 2F 0-1: Ball 1-1: Foul Ball, location: 2F 1-2: SINGLE (Groundball, 6D, EV 96.9 MPH) Jeff Sorrels to second
|
|
Batting: RHB John Corfield
|
0-0: Called Strike 0-1: Swinging Strike 0-2: Fielders Choice at 2nd, 3-6 (Groundball, 34S, EV 78.1 MPH) Jeff Sorrels to third
|
|
Batting: SHB Bobby Santor
|
0-0: Ball 1-0: Called Strike Balk! Jeff Sorrels scores John Corfield to second 1-1: Ball 2-1: SINGLE (Line Drive, 8LS, EV 108.1 MPH) John Corfield to third
|
|
Batting: RHB T.J. Williams
|
0-0: Called Strike 0-1: Ball 1-1: Ball 2-1: Foul Ball, location: 2F 2-2: Foul Ball, location: 2F 2-2: Ball 3-2: Strikes out looking
|
| Top of the 4th over - 1 run, 3 hits, 0 errors, 2 left on base; Colorado (EL) 4 - Tulsa 0 |
| BOTTOM OF THE 4TH |
|
Tulsa Drillers batting - Pitching for Colorado (EL) Rockies : RHP Dave Shanks
|
|
Batting: LHB Cory Bowler
|
0-0: Called Strike 0-1: Ball 1-1: Ball 2-1: Ground out 5-3 (Groundball, 5, EV 102.5 MPH)
|
|
Batting: SHB Ray Luna
|
0-0: Called Strike 0-1: Ball 1-1: Called Strike 1-2: Fly out, F7 (Line Drive, 7S, EV 92.5 MPH)
|
|
Batting: LHB Bobby Gonzalez
|
0-0: Called Strike 0-1: SINGLE (Line Drive, 7S, EV 94.4 MPH)
|
|
Batting: LHB Nate Kee
|
0-0: Swinging Strike 0-1: Called Strike 0-2: Foul Ball, location: 2F 0-2: Ball Bobby Gonzalez is caught stealing 2nd base 2-6
|
| Bottom of the 4th over - 0 runs, 1 hit, 0 errors, 0 left on base; Colorado (EL) 4 - Tulsa 0 |
| TOP OF THE 5TH |
|
Colorado (EL) Rockies batting - Pitching for Tulsa Drillers : RHP Mike Mik
|
|
Batting: SHB Jamie Mims
|
0-0: Ball 1-0: Called Strike 1-1: SINGLE (Groundball, 6MD, EV 100.0 MPH)
|
|
Pitching: RHP Cody Calderon
|
|
|
Batting: LHB Daniel Green
|
0-0: Fielders Choice at 2nd, 1-6 (Groundball, 34S, EV 65.0 MPH)
|
|
Batting: SHB Craig Ruzic
|
0-0: Swinging Strike 0-1: Called Strike 0-2: Strikes out looking
|
|
Batting: RHB Dwane Reed
|
0-0: Ball 1-0: Called Strike 1-1: Ball Daniel Green is caught stealing 2nd base 2-4
|
| Top of the 5th over - 0 runs, 1 hit, 0 errors, 0 left on base; Colorado (EL) 4 - Tulsa 0 |
| BOTTOM OF THE 5TH |
|
Tulsa Drillers batting - Pitching for Colorado (EL) Rockies : RHP Dave Shanks
|
|
Batting: LHB Nate Kee
|
0-0: Swinging Strike 0-1: Ball 1-1: Ball 2-1: Foul Ball, location: 2F 2-2: Ground out U3 (Groundball, 3, EV 103.8 MPH)
|
|
Batting: RHB Justin Curran
|
0-0: Foul Ball, location: 2F 0-1: Foul Ball, location: 2F 0-2: Ball 1-2: Ball 2-2: Strikes out swinging
|
|
Batting: RHB Jonathan Sotelo
|
0-0: Called Strike 0-1: Ground out 5-3 (Groundball, 5L, EV 103.1 MPH)
|
| Bottom of the 5th over - 0 runs, 0 hits, 0 errors, 0 left on base; Colorado (EL) 4 - Tulsa 0 |
| TOP OF THE 6TH |
|
Colorado (EL) Rockies batting - Pitching for Tulsa Drillers : RHP Cody Calderon
|
|
Batting: RHB Dwane Reed
|
0-0: Swinging Strike 0-1: Fly out, F8 (Flyball, 78D, EV 102.5 MPH)
|
|
Batting: SHB Jeff Sorrels
|
0-0: Called Strike 0-1: Ball 1-1: Foul Ball, location: 2F 1-2: Ball 2-2: Foul Ball, location: 2F 2-2: Strikes out swinging
|
|
Batting: LHB Mick Tucker
|
0-0: Ball 1-0: Called Strike 1-1: Ball 2-1: Ground out 6-3 (Groundball, P, EV 81.2 MPH)
|
| Top of the 6th over - 0 runs, 0 hits, 0 errors, 0 left on base; Colorado (EL) 4 - Tulsa 0 |
| BOTTOM OF THE 6TH |
|
Tulsa Drillers batting - Pitching for Colorado (EL) Rockies : RHP Dave Shanks
|
|
Batting: RHB Jerry Blas
|
0-0: Ball 1-0: Called Strike 1-1: Ball 2-1: Swinging Strike 2-2: Ball 3-2: SINGLE (Line Drive, 8RS, EV 92.5 MPH)
|
|
Batting: LHB Randy Boone
|
0-0: Called Strike 0-1: Foul Ball, location: 2F 0-2: Fly out, F4 (Line Drive, 4M, EV 72.5 MPH)
|
|
Batting: LHB Joe Phillips
|
0-0: Grounds into double play, 4-6-3 (Groundball, 4S, EV 90.6 MPH)
|
| Bottom of the 6th over - 0 runs, 1 hit, 0 errors, 0 left on base; Colorado (EL) 4 - Tulsa 0 |
| TOP OF THE 7TH |
|
Colorado (EL) Rockies batting - Pitching for Tulsa Drillers : RHP Cody Calderon
|
|
Batting: RHB John Corfield
|
0-0: Called Strike 0-1: Fly out, F8 (Flyball, 8RXD, EV 100.0 MPH)
|
|
Batting: SHB Bobby Santor
|
0-0: Ball 1-0: Called Strike 1-1: Swinging Strike 1-2: Ball 2-2: Strikes out swinging
|
|
Batting: RHB T.J. Williams
|
0-0: Ball 1-0: Called Strike 1-1: Fly out, F9 (Flyball, 89M, EV 95.6 MPH)
|
| Top of the 7th over - 0 runs, 0 hits, 0 errors, 0 left on base; Colorado (EL) 4 - Tulsa 0 |
| BOTTOM OF THE 7TH |
|
Tulsa Drillers batting - Pitching for Colorado (EL) Rockies : RHP Dave Shanks
|
|
Pitching: LHP Jared Lummus
|
|
|
Batting: LHB Cory Bowler
|
0-0: Ball 1-0: Foul Ball, location: 2F 1-1: Ball 2-1: Ground out U3 (Groundball, 3L, EV 103.1 MPH)
|
|
Batting: SHB Ray Luna
|
0-0: Ball 1-0: Called Strike 1-1: SINGLE (Line Drive, 4M, EV 97.5 MPH)
|
|
Batting: LHB Bobby Gonzalez
|
0-0: Ball Ray Luna is caught stealing 2nd base 2-6 1-0: Foul Ball, location: 2F 1-1: Ground out 4-3 (Groundball, 4, EV 103.1 MPH)
|
| Bottom of the 7th over - 0 runs, 1 hit, 0 errors, 0 left on base; Colorado (EL) 4 - Tulsa 0 |
| TOP OF THE 8TH |
|
Colorado (EL) Rockies batting - Pitching for Tulsa Drillers : RHP Cody Calderon
|
|
Pitching: RHP Shane Walker
|
|
|
Batting: SHB Jamie Mims
|
0-0: Called Strike 0-1: Foul Ball, location: 2F 0-2: Foul Ball, location: 2F 0-2: Ball 1-2: Ball 2-2: Foul Ball, location: 2F 2-2: Strikes out swinging
|
|
Batting: LHB Daniel Green
|
0-0: Called Strike 0-1: Foul Ball, location: 2F 0-2: Ball 1-2: SINGLE (Groundball, 5S, EV 66.9 MPH) (infield hit)
|
|
Batting: SHB Craig Ruzic
|
0-0: Called Strike 0-1: Swinging Strike 0-2: Strikes out swinging
|
|
Batting: RHB Dwane Reed
|
0-0: Fly out, F7 (Flyball, 7S, EV 88.1 MPH)
|
| Top of the 8th over - 0 runs, 1 hit, 0 errors, 1 left on base; Colorado (EL) 4 - Tulsa 0 |
| BOTTOM OF THE 8TH |
|
Tulsa Drillers batting - Pitching for Colorado (EL) Rockies : LHP Jared Lummus
|
|
Pitching: RHP Saburo Fujimoto
|
|
|
Batting: LHB Nate Kee
|
0-0: Fly out, F5 (Line Drive, 5, EV 65.6 MPH)
|
|
Batting: RHB Justin Curran
|
0-0: Fly out, F8 (Flyball, 8LD, EV 75.0 MPH)
|
|
Batting: RHB Jonathan Sotelo
|
0-0: Called Strike 0-1: Ball 1-1: Foul Ball, location: 2F 1-2: Ball 2-2: Strikes out swinging
|
| Bottom of the 8th over - 0 runs, 0 hits, 0 errors, 0 left on base; Colorado (EL) 4 - Tulsa 0 |
| TOP OF THE 9TH |
|
Colorado (EL) Rockies batting - Pitching for Tulsa Drillers : RHP Shane Walker
|
|
Batting: SHB Jeff Sorrels
|
0-0: Foul Ball, location: 2F 0-1: Ball 1-1: Foul Ball, location: 2F 1-2: Ball 2-2: Fly out, F7 (Line Drive, 7D, EV 108.1 MPH)
|
|
Batting: LHB Mick Tucker
|
0-0: Swinging Strike 0-1: Ball 1-1: Foul Ball, location: 2F 1-2: Strikes out swinging
|
|
Batting: RHB John Corfield
|
0-0: Ball 1-0: Called Strike 1-1: Foul Ball, location: 2F 1-2: Strikes out looking
|
| Top of the 9th over - 0 runs, 0 hits, 0 errors, 0 left on base; Colorado (EL) 4 - Tulsa 0 |
| BOTTOM OF THE 9TH |
|
Tulsa Drillers batting - Pitching for Colorado (EL) Rockies : RHP Saburo Fujimoto
|
|
Pitching: RHP Tsuneyoshi Kubo
|
|
|
Batting: RHB Jerry Blas
|
0-0: Foul Ball, location: 2F 0-1: Ball 1-1: Called Strike 1-2: Ball 2-2: Ball 3-2: Base on Balls
|
|
Batting: LHB Randy Boone
|
0-0: Ball 1-0: Ball 2-0: Ball 3-0: Base on Balls Jerry Blas to second
|
|
Batting: LHB Joe Phillips
|
0-0: Called Strike 0-1: Ball 1-1: SINGLE (Groundball, 4MD, EV 100.6 MPH) Jerry Blas to third Randy Boone to second
|
|
Batting: LHB Cory Bowler
|
0-0: Called Strike 0-1: Foul Ball, location: 2F 0-2: Fielders Choice at 2nd, 3-6 (Groundball, 34, EV 98.1 MPH) Jerry Blas scores Randy Boone to third
|
|
Batting: SHB Ray Luna
|
0-0: Ball 1-0: Ball 2-0: Grounds into double play, 5-4-3 (Groundball, 56, EV 75.6 MPH)
|
| Bottom of the 9th over - 1 run, 1 hit, 0 errors, 1 left on base; Colorado (EL) 4 - Tulsa 1 |
|